 Dungeon Crawl Stone Soup version 0.28-a0-1435-g82390b3a13 (webtiles) character file.

Game seed: 14099822015212417255

7919 hashsling the Spear-Bearer (level 11, -3/93 HPs)
             Began as a Merfolk Gladiator on Jan 9, 2022.
             Was an Elder of Okawaru.
             Killed from afar by a starcursed mass (7 damage)
             ... with an accursed screaming
             ... on level 2 of the Abyss.
             The game lasted 01:18:55 (10922 turns).

hashsling the Spear-Bearer (Merfolk Gladiator)     Turns: 10922, Time: 01:18:55

Health: -3/93      AC: 24    Str: 16    XL:     11   Next: 22%
Magic:  12/13      EV: 24    Int:  9    God:    Okawaru [****..]
Gold:   448        SH:  0    Dex: 17    Spells: 10/10 levels left

rFire   + . .      SeeInvis .   u - +0 scythe (protect)
rCold   . . .      Faith    .   (shield currently unavailable)
rNeg    . . .      Spirit   .   a - +3 leather armour {rF+}
rPois   .          Reflect  .   c - +0 helmet
rElec   .          Harm     .   (no cloak)
rCorr   .          Rampage  .   A - +0 pair of gloves
Will    .....                   k - +1 pair of boots
Stlth   +++.......              (no amulet)
HPRegen 0.25/turn               h - +4 ring of protection
MPRegen 0.13/turn               G - +4 ring of evasion

@: heroic, under a protective aura
A: (nimble swimmer 2), mertail, claws 1, iridescent scales 1, evolution 1
a: Renounce Religion, Heroism, Finesse


You were on level 2 of the Abyss.
You worshipped Okawaru.
Okawaru was greatly pleased with you.
You visited 2 branches of the dungeon, and saw 10 of its levels.
You visited the Abyss 1 time.

You collected 448 gold pieces.

Inventory:

Hand Weapons
 u - a +0 scythe of protection (weapon)
Missiles
 e - a boomerang
 g - 142 stones
 i - 5 poisoned darts (quivered)
 C - 2 throwing nets
 H - 18 sling bullets
 M - 5 silver boomerangs
Armour
 a - a +3 leather armour of fire resistance (worn)
 b - a +2 robe of willpower
 c - a +0 helmet (worn)
 k - a +1 pair of boots (worn)
 A - a +0 pair of gloves (worn)
Magical Staves
 d - a staff of conjuration
 r - a staff of earth
Jewellery
 h - a +4 ring of protection (left hand)
 j - a +6 ring of intelligence
 G - a +4 ring of evasion (right hand)
Wands
 K - a wand of acid (1)
Scrolls
 l - a scroll of magic mapping {unknown}
 m - 2 scrolls of identify
 t - a scroll of amnesia {unknown}
 y - a scroll of immolation
 D - a scroll of brand weapon {unknown}
 E - a scroll of teleportation
 F - a scroll of enchant weapon {unknown}
 I - a scroll of holy word
 J - a scroll of fear {unknown}
 L - a scroll of torment {unknown}
Potions
 f - a potion of might {unknown}
 n - 3 potions of attraction
 o - 4 potions of haste
 p - 2 potions of mutation
 q - a potion of flight
 s - 4 potions of brilliance
 v - a potion of magic
 w - a potion of degeneration {unknown}
 x - a potion of heal wounds {unknown}
 z - 3 potions of curing
 B - a potion of resistance {unknown}


   Skills:
 * Level 11.1(16.1) Fighting
 - Level 14.0(19.0) Polearms
 + Level 7.1(12.1) Throwing
 + Level 9.8(14.8) Dodging
 + Level 3.2 Invocations


You had 10 spell levels left.
You didn't know any spells.
Your spell library contained the following spells:

 Spells                   Type           Power      Damage    Failure   Level
 Apportation              Tloc           0%         N/A       43%         1
 Slow                     Hex            0%         N/A       43%         1
 Confusing Touch          Hex            0%         N/A       82%         3
 Gell's Gravitas          Tloc           0%         N/A       82%         3
 Portal Projectile        Hex/Tloc       0%         N/A       82%         3
 Teleport Other           Tloc           0%         N/A       82%         3
 Vampiric Draining        Necr           0%         2d6       82%         3
 Alistair's Intoxication  Tmut/Pois      0%         N/A       100%        5
 Blade Hands              Tmut           0%         N/A       100%        5
 Excruciating Wounds      Necr           0%         N/A       100%        5
 Dispersal                Tloc           0%         N/A       100%        6


Dungeon Overview and Level Annotations

Branches:
Dungeon (9/15)             Temple (1/1) D:6
   Lair: D:8-11         Orc: D:9-12

Altars:
Ashenzari
Cheibriados
Dithmenos
Elyvilon
Fedhas
Gozag
Hepliaklqana
Kikubaaqudgha
Makhleb
Nemelex Xobeh
Okawaru
Qazlal
Ru
Sif Muna
Trog
Uskayaw
Vehumet
Wu Jian
Xom
Yredelemnul
Zin
The Shining One

Shops:
D:2 ==(   D:4 [   D:8 ?

Annotations:
D:9 Erolcha


Innate Abilities, Weirdness & Mutations

((You are very nimble when in or above water. (Stealth+, EV+, Speed+++)))
Your lower body shifts to a powerful aquatic tail in water.
You have sharp fingernails.
You are partially covered in iridescent scales. (AC +2)
You have hidden genetic potential.


Message History

A chorus of shrieks assaults your mind.
* * * LOW HITPOINT WARNING * * *
Reach: u) +0 scythe (protect)
Press: ? - help, Dir - move target, f - starcursed mass
Aim: a starcursed mass (heavily damaged, about 2% to evade your +0 scythe of protection)
You hit the starcursed mass but do no damage.
The starcursed mass is heavily damaged.
A starcursed mass splits.
The starcursed mass completely misses you.
Reach: u) +0 scythe (protect)
Press: ? - help, Dir - move target, f/p - starcursed mass
Aim: a starcursed mass (heavily damaged, about 2% to evade your +0 scythe of protection)
You hit the starcursed mass.
The starcursed mass is severely damaged.
The starcursed mass shudders and is absorbed by its neighbour.
A chorus of shrieks assaults your mind.
* * * LOW HITPOINT WARNING * * *
Reach: u) +0 scythe (protect)
Press: ? - help, Dir - move target, f - starcursed mass
Aim: a starcursed mass (heavily damaged, about 2% to evade your +0 scythe of protection)
You slice the starcursed mass!!
The starcursed mass is almost destroyed.
The starcursed mass shudders and is absorbed by its neighbour.
Reach: u) +0 scythe (protect)
Press: ? - help, Dir - move target, f - starcursed mass
Aim: a starcursed mass (severely damaged, wandering, hasn't noticed you, about 2% to evade your +0 scythe of protection)
You slice the starcursed mass!!
The starcursed mass is almost destroyed.
The starcursed mass shudders and withdraws towards its neighbour.
A chorus of shrieks assaults your mind.
* * * LOW HITPOINT WARNING * * *
Reach: u) +0 scythe (protect)
Press: ? - help, Dir - move target, f/p - starcursed mass
Aim: a starcursed mass (almost destroyed, about 2% to evade your +0 scythe of protection)
You reach to attack!
You hit the starcursed mass.
You destroy the starcursed mass!
That felt strangely unrewarding.
Okawaru is honoured by your kill.
The starcursed mass shrieks in your mind.
You die...

.. .. .... ..
.......# . ..
......## .
.....(...# .
.........#
.....X..# .##
...
#.....#.####
.....##.#@..#
...## .
##.#...# # ##
#.# #.. #.
..# ##


You could see a starcursed mass.

Vanquished Creatures
  Harold (D:7)
  3 two-headed ogres (D:9)
  A deep elf pyromancer (D:7)
  A cyclops (D:9)
  A wraith (D:9)
  6 yaks (D:7)
  Sigmund (D:3)
  2 wyverns (D:9)
  3 water moccasins
  Duvessa (D:7)
  An orc warrior (D:7)
  A sky beast (D:5)
  A hornet zombie (D:7)
  A black bear (D:7)
  A necrophage (D:7)
  4 centaurs
  A phantom (D:6)
  Blork the orc (D:5)
  A gnoll sergeant (D:7)
  3 kobold brigands
  A bullfrog (D:4)
  2 scorpions
  2 wyvern zombies
  Dowan (D:7)
  A water moccasin skeleton (D:5)
  3 killer bees (D:9)
  3 wights (D:7)
  2 howler monkeys (D:8)
  3 starcursed masses (Abyss:2)
  5 hounds
  3 centaur zombies
  6 orc priests
  2 iguanas
  6 orc wizards
  A killer bee zombie (D:8)
  A hound zombie (D:5)
  11 adders
  10 gnolls
  A river rat (D:4)
  2 ufetubi (D:5)
  A worm (D:3)
  2 dart slugs
  24 orcs
  4 bats
  3 endoplasms
  A giant cockroach (D:4)
  4 hobgoblins
  12 jackals
  6 quokkas
  4 ball pythons
  4 goblins
  21 kobolds
  A quokka skeleton (D:4)
  2 rats
190 creatures vanquished.

Vanquished Creatures (others)
  An orc wizard (D:6)
  2 plants (D:2)
  5 withered plants (D:7)
8 creatures vanquished.

Grand Total: 198 creatures vanquished

Notes
Turn   | Place    | Note
-------+----------+-------------------------------------------
     0 | D:1      | hashsling the Merfolk Gladiator began the quest for the
                  | Orb.
     0 | D:1      | Reached XP level 1. HP: 16/16 MP: 1/1
   410 | D:1      | Reached XP level 2. HP: 23/23 MP: 2/2
   925 | D:2      | Reached skill level 5 in Polearms
   925 | D:2      | Reached XP level 3. HP: 28/28 MP: 3/3
  1029 | D:2      | Found Bizatire's Weapon Boutique.
  1149 | D:2      | Found Jaharros's Jewellery Boutique.
  1242 | D:2      | Found a faded altar of an unknown god.
  1481 | D:2      | Reached XP level 4. HP: 35/35 MP: 4/4
  1549 | D:2      | Found Uruil's Jewellery Emporium.
  1708 | D:3      | Noticed Sigmund
  1728 | D:3      | Killed Sigmund
  1729 | D:3      | Reached skill level 6 in Polearms
  1729 | D:3      | Reached skill level 5 in Dodging
  1729 | D:3      | Reached XP level 5. HP: 32/42 MP: 5/5
  1844 | D:3      | Reached XP level 6. HP: 48/48 MP: 6/6
  3012 | D:4      | Reached skill level 7 in Polearms
  3111 | D:4      | Found Iwixiax's Antique Armour Shoppe.
  3184 | D:4      | Reached XP level 7. HP: 55/55 MP: 7/7
  3252 | D:4      | Reached skill level 5 in Fighting
  3261 | D:5      | Entered Level 5 of the Dungeon
  3588 | D:4      | Reached skill level 8 in Polearms
  4347 | D:5      | Reached XP level 8. HP: 53/64 MP: 8/8
  4542 | D:5      | Reached skill level 9 in Polearms
  5072 | D:5      | Noticed Blork the orc
  5081 | D:5      | Killed Blork the orc
  5201 | D:6      | Reached skill level 10 in Polearms
  5206 | D:6      | Found a sparkling altar of Nemelex Xobeh.
  5586 | D:6      | Reached XP level 9. HP: 70/72 MP: 9/9
  5612 | D:6      | Found a staircase to the Ecumenical Temple.
  5621 | Temple   | Entered the Ecumenical Temple
  5993 | Temple   | Became a worshipper of Warmaster Okawaru
  6756 | D:7      | Reached skill level 5 in Throwing
  7025 | D:7      | Reached skill level 11 in Polearms
  7114 | D:7      | Reached * piety under Okawaru
  7561 | D:7      | Noticed Harold
  7580 | D:7      | Killed Harold
  7583 | D:7      | Gained mutation: You have hidden genetic potential. [potion
                  | of mutation]
  7583 | D:7      | Gained mutation: You have sharp fingernails. [potion of
                  | mutation]
  7825 | D:7      | Noticed Dowan
  7827 | D:7      | Noticed Duvessa
  7836 | D:7      | Killed Duvessa
  7837 | D:7      | Reached XP level 10. HP: 82/82 MP: 10/12
  7839 | D:7      | Killed Dowan
  7962 | D:7      | Reached skill level 12 in Polearms
  8061 | D:7      | Noticed a deep elf pyromancer
  8073 | D:7      | Killed a deep elf pyromancer
  8073 | D:7      | Reached ** piety under Okawaru
  8966 | D:8      | Found Unoes's Magic Scroll Shoppe.
  9192 | D:8      | Gained mutation: You are partially covered in iridescent
                  | scales. (AC +2) [hidden potential]
  9487 | D:9      | Noticed Erolcha
  9487 | D:9      | Noticed a cyclops
  9556 | D:9      | Reached skill level 13 in Polearms
  9759 | D:9      | Noticed a two-headed ogre
  9772 | D:9      | Killed a two-headed ogre
  9772 | D:9      | Reached *** piety under Okawaru
  9773 | D:9      | Reached skill level 10 in Fighting
 10119 | D:9      | Noticed a two-headed ogre
 10133 | D:9      | Killed a two-headed ogre
 10133 | D:9      | Received a gift from Okawaru
 10134 | D:9      | Reached XP level 11. HP: 59/92 MP: 11/13
 10542 | D:9      | Noticed a two-headed ogre
 10550 | D:9      | Killed a two-headed ogre
 10550 | D:9      | Reached **** piety under Okawaru
 10551 | D:9      | Reached skill level 14 in Polearms
 10706 | D:9      | Killed a cyclops
 10850 | D:9      | Cast into level 2 of the Abyss (Erolcha)
 10889 | Abyss:2  | Noticed a starcursed mass
 10906 | Abyss:2  | Paralysed by accursed screaming for 1 turns
 10913 | Abyss:2  | Noticed a thrashing horror
 10921 | Abyss:2  | HP: 4/93 [starcursed mass/accursed screaming (5)]
 10922 | Abyss:2  | Killed a starcursed mass
 10922 | Abyss:2  | Killed from afar by a starcursed mass

Illustrated notes

Levels and vault maps discovered:
D:1:      evilmike_arrival_rings, layout_basic
D:2:      layout_loops_cross, shapermc_ecumenical_altar_ellora, serial_shops,
          shop, nicolae_shop_advertising_works [nicolae_subvault_shop_adworks],
          nicolae_lakefront_shop
D:3:      layout_loops_ring, nicolae_concentric_dashed_squares_mild,
          uniq_sigmund
D:4:      layout_rooms, serial_shops, shop, gup_sewer_entry_bubbles,
          corexii_item_surrounded_by_moat, minmay_misc_feat_doors
D:5:      layout_loops_cross, uniq_blork_the_orc
D:6:      layout_loops_corners, mainiacjoe_overflow_chevrons,
          lemuel_temple_firewalk_a
D:7:      layout_loops_cross, serial_undead, serial_undead_e, serial_undead_b,
          serial_undead_f, serial_undead_c, st_stairs_12, uniq_harold,
          uniq_duvessa
D:8:      layout_gridville, serial_shops, shop_statue
D:9:      layout_gridville, ebering_dispersal_statue_hall, moated_statue,
          uniq_erolcha
Temple:   mainiacjoe_temple_circle_huts
Abyss:2:  base:
D:8

Skill      XL: |  1  2  3  4  5  6  7  8  9 10 11 |
---------------+----------------------------------+-----
Polearms       | 5 6 7 8 10 11 13 14 | 14.0
Fighting       | 3 4 5 7 8 10 11 | 11.1
Throwing       | 3 4 5 6 7 |  7.1
Dodging        | 5 6 7 8 9 |  9.8
Invocations    | 2 3 |  3.2

Action                   |  1- 3 |  4- 6 |  7- 9 | 10-12 || total
-------------------------+-------+-------+-------+-------++-------
Melee: Trident           |    53 |    12 |       |       ||    65
       Punch             |     1 |       |       |       ||     1
       Scythe            |       |    81 |   220 |   177 ||   478
Throw: Boomerang         |     6 |     4 |    41 |    10 ||    61
       Dart              |    32 |   109 |   152 |    70 ||   363
       Throwing net      |       |     3 |     5 |     3 ||    11
Invok: Heroism           |       |       |     1 |     4 ||     5
  Use: Scroll            |     1 |     3 |     2 |     2 ||     8
       Potion            |       |     2 |     4 |       ||     6
 Stab: Held in net/web   |       |       |     2 |     1 ||     3
Armor: Leather armour    |    15 |    57 |   124 |    70 ||   266
Dodge: Dodged            |    23 |    60 |   221 |   184 ||   488

Table legend: (Time is in decaauts)
 A = Elapsed time spent in this place.
 B = Non-inter-level travel time spent in this place.
 C = Inter-level travel time spent in this place.
 D = Time resting spent in this place.
 E = Time spent auto-exploring this place.
 F = Levels seen in this place.
 G = Mean time per level.
                   A        B        C        D        E       F      G
               +--------+--------+--------+--------+--------+-----+--------+
         Total |  11025 |  10742 |    283 |     17 |   7970 |  11 | 1002.3 |
       Dungeon |  10478 |  10195 |    283 |     17 |   7631 |   9 | 1164.2 |
        Temple |    472 |    472 |      0 |      0 |    301 |   1 |  472.0 |
         Abyss |     73 |     73 |      0 |      0 |     38 |   1 |   73.0 |
               +--------+--------+--------+--------+--------+-----+--------+

Top non-repeatable levels by time:
     D:7: 1961 daAuts
     D:3: 1346 daAuts
     D:9: 1331 daAuts
     D:5: 1158 daAuts
     D:6: 1045 daAuts
     D:2: 1000 daAuts
     D:8: 903 daAuts
     D:1: 878 daAuts
     D:4: 853 daAuts
  Temple: 472 daAuts
 Abyss:2: 73 daAuts
